 Dungeon Crawl Stone Soup version 0.30-a0-358-g0d69a1922f (webtiles) character file.

Game seed: 8244494115998407472

630 RascalDebosk the Magician (level 7, -1/50 HPs)
             Began as a Djinni Venom Mage on Nov 9, 2022.
             Killed from afar by an orc wizard (5 damage)
             ... with a magic dart
             ... on level 4 of the Dungeon.
             The game lasted 00:23:22 (2896 turns).

RascalDebosk the Magician (Djinni Venom Mage)       Turns: 2896, Time: 00:23:22

Health: -1/50      AC:  2    Str:  7    XL:     7   Next: 77%
Gold:   87         EV: 12    Int: 19    God:
                   SH:  0    Dex: 13

rFire   + + .      SeeInvis .    s - +2 dagger (distort)
rCold   x . .      Faith    .    (no shield)
rNeg    . . .      Spirit   .    a - +0 robe
rPois   ∞          Reflect  .    (no helmet)
rElec   .          Harm     .    (no cloak)
rCorr   .          Rampage  .    (no gloves)
Will    .....                    (boots unavailable)
Stlth   ++........               (no amulet)
HPRegen 0.28/turn                (no ring)
MPRegen 0.00/turn                (no ring)

@: flying
A: sickness immunity, fire resistance 2, cold vulnerability 1, float, innate
caster, HP casting, extra vitality 1
a: no special abilities


You were on level 4 of the Dungeon.
You visited 1 branch of the dungeon, and saw 4 of its levels.

You collected 87 gold pieces.

Inventory:

Hand Weapons
 s - a +2 dagger of distortion (weapon)
Armour
 a - a +0 robe (worn)
Wands
 l - a wand of mindburst (13)
Scrolls
 c - 3 scrolls of teleportation {unknown}
 d - a scroll of identify {unknown}
 f - 2 scrolls of summoning {unknown}
 h - a scroll of vulnerability {unknown}
 j - a scroll of noise {unknown}
 k - 2 scrolls of poison {unknown}
 n - a scroll of acquirement {unknown}
 o - a scroll of blinking {unknown}
 q - a scroll of amnesia {unknown}
Potions
 b - 2 potions of attraction {unknown}
 e - 2 potions of magic {unknown}
 g - a potion of brilliance {unknown}
 i - a potion of heal wounds {unknown}
 m - a potion of flight {unknown}
 p - 2 potions of curing {unknown}


   Skills:
 + Level 3.5 Fighting
 - Level 2.1 Dodging
 - Level 1.5 Stealth
 * Level 5.8 Spellcasting


You had one spell level left.
You knew the following spells:

 Your Spells              Type           Power      Damage    Failure   Level
a - Sting                 Tmut/Pois      100%       1d8       1%          1
b - Poisonous Vapours     Pois/Air       54%        N/A       1%          2
c - Mephitic Cloud        Conj/Pois/Air  27%        N/A       3%          3
d - Olgreb's Toxic Radia  Pois           27%        N/A       11%         4
e - Apportation           Tloc           54%        N/A       1%          1
f - Wereblood             Tmut           27%        N/A       1%          2
g - Kindle Blastsparks    Fire/Tloc/Air  54%        2d14      3%          3
Your spell library was empty.

Dungeon Overview and Level Annotations

Branches:
Dungeon (4/15)
 Temple: D:4-7

Altars:
Dithmenos

Shops:
D:2 (


Innate Abilities, Weirdness & Mutations

You are immune to sickness and miasma.
You are immune to poison.
Your flesh is very heat resistant. (rF++)
You are vulnerable to cold. (rC-)
You float through the air rather than walking.
You learn spells naturally, not from books.
Your magical power is your life essence.
You have superior vitality. (+4 MHP)


Message History

Your Fighting skill increases to level 3!
A giant cockroach comes into view.
The giant cockroach bites you.
The giant cockroach bites you but does no damage.
You barely miss the giant cockroach. Your punch misses the giant cockroach.
The giant cockroach bites you.
You hit the giant cockroach.
Space warps around the giant cockroach.
You kill the giant cockroach!
You see here a giant cockroach corpse.
Found a dagger.
An orc wizard comes into view. It is wielding a +0 dagger.
The orc wizard shouts!
An orc warrior comes into view. It is wielding a +0 short sword.
The orc warrior shouts!
You see here 14 gold pieces.
You now have 87 gold pieces (gained 14).
An orc wizard comes into view. It is wielding a +0 dagger.
Casting: Mephitic Cloud (dangerous; 3% risk of failure)
Confirm with . or Enter, or press ? or * to list all spells.
The spell is quite dangerous to miscast (12% risk of failure)!
Continue anyway?
You begin to radiate toxic energy.
The orc warrior is poisoned.
The orc wizard is poisoned.
The orc wizard shouts!
The orc wizard is poisoned.
The orc warrior looks even sicker.
The orc wizard looks even sicker.
An orc wizard comes into view. It is wielding a +0 long sword.
An orc comes into view. It is wielding a +0 club.
The orc warrior looks even sicker.
The orc shouts!
The orc is poisoned.
The orc wizard shouts!
The orc wizard is poisoned.
The orc wizard looks even sicker.
The orc wizard casts a spell.
The orc wizard flickers and vanishes!
Deactivating autopickup; reactivate with Ctrl-A.
The orc wizard gestures at you while chanting.
The magic dart hits you!
The orc moves out of view.
You closely miss the orc wizard.
The orc wizard is moderately wounded.
The orc wizard looks even sicker.
You hit the orc warrior but do no damage.
Space warps around the orc warrior.
The orc warrior is heavily wounded.
The orc warrior looks as sick as possible!
The orc wizard looks as sick as possible!
Your toxic aura wanes.
You kill the orc wizard!
You barely miss the orc warrior.
The orc warrior is severely wounded.
The orc wizard points at you and mumbles some strange words.
You easily resist.
Something tries to affect you, but you resist.
You hit the orc wizard but do no damage.
Space warps around the orc wizard.
The orc wizard is almost dead.
The orc warrior hits you with a +0 short sword!
The orc wizard hits you but does no damage.
A puff of flame appears from out of thin air!
The puff of flame hits you. You resist.
Casting: Olgreb's Toxic Radiance (quite dangerous; 12% risk of failure)
Confirm with . or Enter, or press ? or * to list all spells.
The spell is quite dangerous to miscast (12% risk of failure)!
Continue anyway?
You begin to radiate toxic energy.
You kill the orc!
You kill the orc wizard!
You kill the orc warrior!
A puff of flame appears from out of thin air!
The puff of flame hits you. You resist.
* * * LOW HITPOINT WARNING * * *
Your toxic aura wanes.
Something hits you.
* * * LOW HITPOINT WARNING * * *
You miss something. Something hits you.
* * * LOW HITPOINT WARNING * * *
You hit something but do no damage.
A phantom comes into view.
Things that are here:
a +0 dagger; a +0 robe; a metallic yellow potion
Found an escape hatch in the floor.
You start resting.
You hear some strange, mumbled words.
You are confused.
You bump into the rock wall.
You hear some strange, mumbled words.
A puff of flame appears from out of thin air!
The puff of flame misses you.
You bump into the rock wall.
Something hits you but does no damage.
You completely miss something. Something barely misses you.
Unknown command.
You barely miss something. Something hits you!
* * * LOW HITPOINT WARNING * * *
You feel less confused. Something hits you!
* * * LOW HITPOINT WARNING * * *
You miss something.
You hear some strange, mumbled words.
A magic dart appears from out of thin air!
The magic dart hits you.
You die...

#......###.....##..##.
##.................#..
#...........†..[.....
#.................##...
#...###............##...
....## #.##.........#....
....######.....##..........
...##.....##....#........#.
..........@.##.###.......##
.. .......{###.)##.......##
###...#..)............##
#..###)..)#.........## >...
#....#........... ..#.
.............#..... . .
............).#.....
..#.........#....#.....
##........#..........


There were no monsters in sight!

Vanquished Creatures
  Grinder (D:3)
  An orc warrior (D:4)
  A necrophage (D:4)
  A scorpion (D:4)
  An iguana (D:4)
  2 orc wizards (D:4)
  4 adders
  2 dart slugs
  2 orcs
  6 ball pythons
  5 bats
  3 endoplasms
  6 giant cockroaches
  4 hobgoblins
  3 jackals (D:1)
  4 quokkas
  2 frilled lizards
  7 goblins
  6 kobolds
  4 rats
65 creatures vanquished.

Vanquished Creatures (others)
  2 plants (D:2)
2 creatures vanquished.

Grand Total: 67 creatures vanquished

Notes
Turn   | Place    | Note
-------+----------+-------------------------------------------
     0 | D:1      | RascalDebosk the Djinni Venom Mage began the quest for the
                  | Orb.
     0 | D:1      | RascalDebosk set off with the following spells memorised:
                  | Sting, Poisonous Vapours, Mephitic Cloud, Olgreb's Toxic
                  | Radiance.
     0 | D:1      | Reached XP level 1. HP: 15/15 MP: 0/0
   184 | D:1      | Reached XP level 2. HP: 20/21 MP: 0/0
   381 | D:1      | Reached skill level 3 in Spellcasting
   511 | D:1      | Found a faded altar of an unknown god.
   558 | D:1      | Reached XP level 3. HP: 25/25 MP: 0/0
   558 | D:1      | Learned a level 1 spell: Apportation
  1025 | D:2      | Reached XP level 4. HP: 10/31 MP: 0/0
  1417 | D:2      | Reached skill level 4 in Spellcasting
  1430 | D:2      | Found Mopask's Antique Weapon Emporium.
  2032 | D:3      | Found a shadowy altar of Dithmenos.
  2055 | D:3      | Noticed Grinder
  2061 | D:3      | Killed Grinder
  2062 | D:3      | Reached XP level 5. HP: 38/38 MP: 0/0
  2062 | D:3      | Learned a level 2 spell: Wereblood
  2062 | D:3      | Reached XP level 6. HP: 43/43 MP: 0/0
  2251 | D:3      | Found a faded altar of an unknown god.
  2708 | D:4      | Reached skill level 5 in Spellcasting
  2709 | D:4      | Reached XP level 7. HP: 40/49 MP: 0/0
  2709 | D:4      | Learned a level 3 spell: Kindle Blastsparks
  2896 | D:4      | Killed from afar by an orc wizard

Illustrated notes

Levels and vault maps discovered:
D:1:      dpeg_arrival_pits, layout_loops_ring,
          hellmonk_ecumenical_altar_run_dry
D:2:      minmay_alternating_diamond, layout_basic, serial_shops,
          nicolae_shop_overgrown_old_shop, grunt_ministairs_11
D:3:      layout_loops_corners, nicolae_overflow_ecumenical_swirl,
          nicolae_dithmenos_the_darkroom,
          nicolae_concentric_dashed_squares_wild, st_stairs_5, uniq_grinder
D:4:      layout_cave_pools, nicolae_ru_the_path_less_chosen, roderic_batcave,
          nicolae_stop_n_shop_1, minmay_misc_feat_square, serial_park_tiny_2

Skill      XL: |  1  2  3  4  5  6  7 |
---------------+----------------------+-----
Spellcasting   | 3 4 5 |  5.8
Fighting       | 2 3 |  3.5
Dodging        | |  2.1
Stealth        | |  1.5

Action                   |  1- 3 |  4- 6 |  7- 9 || total
-------------------------+-------+-------+-------++-------
Melee: Dagger            |    47 |    41 |    20 ||   108
 Cast: Sting             |    25 |       |       ||    25
       Poisonous Vapours |    11 |    18 |     5 ||    34
       Mephitic Cloud    |     5 |     2 |     1 ||     8
       Olgreb's Toxic Ra |       |     2 |     2 ||     4
Evoke: Wand              |       |     3 |       ||     3
 Stab: Sleeping          |     1 |     2 |       ||     3
Armor: Robe              |    11 |    10 |     3 ||    24
Dodge: Dodged            |    46 |    32 |     5 ||    83

Table legend: (Time is in decaauts)
 A = Elapsed time spent in this place.
 B = Non-inter-level travel time spent in this place.
 C = Inter-level travel time spent in this place.
 D = Time resting spent in this place.
 E = Time spent auto-exploring this place.
 F = Levels seen in this place.
 G = Mean time per level.
                   A        B        C        D        E       F      G
               +--------+--------+--------+--------+--------+-----+--------+
         Total |   2895 |   2824 |     71 |    223 |   1613 |   4 |  723.8 |
       Dungeon |   2895 |   2824 |     71 |    223 |   1613 |   4 |  723.8 |
               +--------+--------+--------+--------+--------+-----+--------+

Top non-repeatable levels by time:
     D:3: 947 daAuts
     D:1: 881 daAuts
     D:2: 871 daAuts
     D:4: 194 daAuts
